San Jose Sharks vs Vancouver Canucks
Created - Monday, April 28, 2025 at 08:42
Goals
|
| San Jose Sharks |
0 |
0 |
1 |
1 |
| Vancouver Canucks |
0 |
1 |
2 |
3 |
|
Shots
|
| San Jose Sharks |
8 |
8 |
5 |
21 |
| Vancouver Canucks |
8 |
12 |
17 |
37 |
|
1st period
No Goal
Penalties :
Anton Lundell (VAN) for Tripping (Minor) at 6:06
2nd period
1. Vancouver Canucks , Mikko Rantanen 29 (Casey Mittelstadt 21) at 1:14
Penalties :
Marcus Pettersson (SJS) for Goalie Interference (Minor) at 17:14
3rd period
2. Vancouver Canucks , Clayton Keller 20 (Noah Hanifin 21, Casey Mittelstadt 22) at 0:14
3. Vancouver Canucks , Robby Fabbri 13 (Casey Mittelstadt 23) at 16:04 (PP)
4. San Jose Sharks , Kevin Fiala 28 (Adam Henrique 36, Dmitry Orlov 10) at 19:58
Penalties :
Brandon Tanev (SJS) for High sticking (Double Minor) at 3:52, Sean Durzi (SJS) for Tripping (Minor) at 15:42
Goalie Stats
Stuart Skinner (SJS), 34 saves from 37 shots - (0.919), L, 25-12-5, 60:00 minutes
Joonas Korpisalo (VAN), 20 saves from 21 shots - (0.952), W, 14-17-5, 60:00 minutes
Players Stats for San Jose Sharks
Player Name G A P +/- PIM S H SB GA TA FO MP PP MP PK MP
------------------------------------------------------------------------------------
Adam Henrique 0 1 1 0 0 2 1 0 0 0 11/16 18:33 1:00 2:41
Alec Martinez 0 0 0 0 0 0 1 0 0 1 0/0 17:04 0:00 2:01
Brandon Tanev 0 0 0 0 4 2 3 0 0 0 0/0 12:48 0:00 0:15
Christopher Tanev 0 0 0 0 0 1 0 1 0 1 0/0 19:15 0:52 2:38
Connor Murphy 0 0 0 -1 0 0 3 0 0 2 0/0 25:14 1:07 3:30
Dmitry Orlov 0 1 1 0 0 0 0 0 0 1 0/0 14:07 0:00 0:00
Eeli Tolvanen 0 0 0 0 0 1 2 0 0 0 0/0 9:37 0:00 0:00
Ilya Mikheyev 0 0 0 0 0 2 0 1 0 0 0/1 9:51 0:14 0:00
Jonathan Drouin 0 0 0 -1 0 3 3 0 1 1 0/0 15:37 0:59 0:00
Kevin Fiala 1 0 1 0 0 3 1 0 3 1 0/0 18:28 1:00 2:36
Marcus Pettersson 0 0 0 -1 2 0 1 0 1 0 0/0 24:35 1:07 1:53
Matthew Knies 0 0 0 -1 0 1 1 0 0 1 0/0 16:54 0:59 1:07
Max Domi 0 0 0 0 0 1 1 0 0 0 3/7 13:07 0:00 0:52
Noel Acciari 0 0 0 0 0 0 0 1 0 0 1/3 9:37 0:00 0:00
Ryan Johansen 0 0 0 -1 0 0 3 1 0 0 10/23 18:11 0:45 2:32
Sean Durzi 0 0 0 0 2 1 0 0 0 2 0/0 19:14 0:52 2:38
T.J. Oshie 0 0 0 0 0 1 3 0 0 0 0/0 12:31 0:00 0:00
Yegor Sharangovich 0 0 0 0 0 3 1 1 2 0 2/2 18:54 1:00 2:37
Players Stats for Vancouver Canucks
Player Name G A P +/- PIM S H SB GA TA FO MP PP MP PK MP
------------------------------------------------------------------------------------
Adam Boqvist 0 0 0 0 0 0 1 0 0 0 0/0 15:20 0:06 0:00
Aku Raty 0 0 0 0 0 0 1 0 0 0 0/0 11:08 0:00 0:00
Aleksander Barkov 0 0 0 -1 0 2 1 0 0 0 6/9 17:57 3:05 0:45
Anton Lundell 0 0 0 0 2 3 0 1 1 0 3/5 14:16 2:57 0:00
Artturi Lehkonen 0 0 0 -1 0 5 1 0 2 0 0/0 17:57 2:35 0:50
Brett Leason 0 0 0 0 0 0 0 0 0 0 0/4 10:08 0:55 1:02
Casey Mittelstadt 0 3 3 2 0 5 1 0 1 0 13/26 21:36 2:52 0:03
Chad Ruhwedel 0 0 0 0 0 0 1 1 0 1 0/0 15:29 0:54 1:12
Clayton Keller 1 0 1 2 0 6 2 0 3 0 0/0 20:56 2:35 0:00
Connor Zary 0 0 0 0 0 6 0 0 0 0 1/1 13:50 2:49 0:00
Jacob Bernard-Docker 0 0 0 0 0 1 1 1 0 0 0/0 14:25 0:00 1:12
Matias Maccelli 0 0 0 -1 0 0 0 0 0 0 1/2 15:08 0:56 0:00
Mikko Rantanen 1 0 1 2 0 2 1 0 2 0 1/5 21:18 2:33 0:24
Miro Heiskanen 0 0 0 1 0 2 2 1 0 1 0/0 25:38 3:07 0:00
Noah Hanifin 0 1 1 1 0 2 0 3 1 4 0/0 25:53 2:31 0:47
Robby Fabbri 1 0 1 0 0 2 2 0 0 0 0/0 11:08 2:49 0:00
Ryan McDonagh 0 0 0 0 0 1 1 0 0 0 0/0 16:01 0:00 0:47
Ty Dellandrea 0 0 0 0 0 0 1 0 0 1 0/0 9:52 0:56 0:54
3 Stars
1 - Casey Mittelstadt (VAN)
2 - Clayton Keller (VAN)
3 - Mikko Rantanen (VAN)
Power Play
San Jose Sharks - 0 on 1 Attempt(s) - 0.00%
Vancouver Canucks - 1 on 4 Attempt(s) - 25.00%
Penalty Kill
San Jose Sharks - 3 on 4 Attempt(s) - 75.00%
- Score 0 goal in Penalty Kill
Vancouver Canucks - 1 on 1 Attempt(s) - 100.00%
- Score 0 goal in Penalty Kill
Team Stat
San Jose Sharks - Hits : 24 - Faceoff Wins : 27 - Blocked Shots : 5 - Penalty Minutes : 8
Vancouver Canucks - Hits : 16 - Faceoff Wins : 25 - Blocked Shots : 7 - Penalty Minutes : 2
Official
Referees : Brandon Blandina and Eric Furlatt
Linesman : Travis Gawryletz and Jesse Marquis
Game Notes
No Game Note
Finance
Level 1 -- Attendance: 4414 (73.57%) -- Ticket Income $436,986
Level 2 -- Attendance: 3451 (69.02%) -- Ticket Income $203,609
Level 3 -- Attendance: 2503 (83.43%) -- Ticket Income $85,102
Level 4 -- Attendance: 3932 (78.64%) -- Ticket Income $94,368
Luxury Box -- Attendance: 796 (79.60%) -- Ticket Income $158,404
Game was played at the Rogers Arena.
Total Attendance: 15096 (75.48%)
Total Ticket Income: $978,469
Other Income: $342,464
Total Income: $1,320,933
San Jose Sharks
5 vs 5 Forward
Center Left Wing Right Wing Time % Phy DF OF
1 Adam Henrique Kevin Fiala Yegor Sharangovich 30 1 2 2
2 Ryan Johansen Matthew Knies Jonathan Drouin 30 1 2 2
3 Max Domi Brandon Tanev T.J. Oshie 25 1 2 2
4 Noel Acciari Eeli Tolvanen Ilya Mikheyev 15 1 2 2
5 vs 5 Defense
Defense Defense Time % Phy DF OF
1 Marcus Pettersson Connor Murphy 30 1 2 2
2 Christopher Tanev Sean Durzi 30 1 2 2
3 Dmitry Orlov Alec Martinez 25 1 2 2
4 Marcus Pettersson Connor Murphy 15 1 2 2
PowerPlay Forward
Center Left Wing Right Wing Time % Phy DF OF
1 Adam Henrique Kevin Fiala Yegor Sharangovich 50 1 2 2
2 Ryan Johansen Matthew Knies Jonathan Drouin 50 1 2 2
PowerPlay Defense
Defense Defense Time % Phy DF OF
1 Marcus Pettersson Connor Murphy 50 1 2 2
2 Christopher Tanev Sean Durzi 50 1 2 2
Penalty Kill 4 Players Forward
Center Wing Time % Phy DF OF
1 Adam Henrique Kevin Fiala 50 1 2 2
2 Ryan Johansen Yegor Sharangovich 50 1 2 2
Penalty Kill 4 Players Defense
Defense Defense Time % Phy DF OF
1 Marcus Pettersson Connor Murphy 50 1 2 2
2 Christopher Tanev Sean Durzi 50 1 2 2
Penalty Kill - 3 Players Forward
Forward Time % Phy DF OF
1 Adam Henrique 50 1 2 2
2 Noel Acciari 50 1 2 2
Penalty Kill - 3 Players Defense
Defense Defense Time % Phy DF OF
1 Marcus Pettersson Connor Murphy 50 1 2 2
2 Christopher Tanev Sean Durzi 50 1 2 2
4 vs 4 Forward
Center Wing Time % Phy DF OF
1 Adam Henrique Kevin Fiala 50 1 2 2
2 Ryan Johansen Yegor Sharangovich 50 1 2 2
4 vs 4 Defense
Defense Defense Time % Phy DF OF
1 Marcus Pettersson Connor Murphy 50 1 2 2
2 Christopher Tanev Sean Durzi 50 1 2 2
Last Minutes Offensive
Center Left Wing Right Wing Defense Defense
Adam Henrique Kevin Fiala Yegor Sharangovich Marcus Pettersson Connor Murphy
Last Minutes Defensive
Center Left Wing Right Wing Defense Defense
Adam Henrique Kevin Fiala Yegor Sharangovich Marcus Pettersson Connor Murphy
Goaltenders
Starting : Stuart Skinner
Backup : Tristan Jarry
Extra Forwards
Normal : Ilya Mikheyev, Ryan Johansen, Brandon Tanev - PP : Ilya Mikheyev, Ryan Johansen - PK : Brandon Tanev
Extra Defensemen
Normal : Dmitry Orlov, Alec Martinez, Christopher Tanev - PP : Dmitry Orlov - PK : Alec Martinez, Christopher Tanev
Penalty Shots
Adam Henrique, Kevin Fiala, Yegor Sharangovich, Jonathan Drouin, T.J. Oshie
Scratches
Kasperi Kapanen (Healthy), Calle Jarnkrok (Healthy), Nick Perbix (Healthy), Clay Stevenson (Healthy)
Vancouver Canucks
5 vs 5 Forward
Center Left Wing Right Wing Time % Phy DF OF
1 Casey Mittelstadt Clayton Keller Mikko Rantanen 40 1 1 3
2 Aleksander Barkov Matias Maccelli Artturi Lehkonen 30 1 2 2
3 Anton Lundell Connor Zary Aku Raty 20 1 2 2
4 Brett Leason Robby Fabbri Ty Dellandrea 10 1 3 1
5 vs 5 Defense
Defense Defense Time % Phy DF OF
1 Noah Hanifin Miro Heiskanen 30 1 2 2
2 Ryan McDonagh Adam Boqvist 30 1 2 2
3 Chad Ruhwedel Jacob Bernard-Docker 25 1 2 2
4 Noah Hanifin Miro Heiskanen 15 1 2 2
PowerPlay Forward
Center Left Wing Right Wing Time % Phy DF OF
1 Mikko Rantanen Clayton Keller Artturi Lehkonen 50 0 1 4
2 Casey Mittelstadt Connor Zary Robby Fabbri 50 0 1 4
PowerPlay Defense
Defense Defense Time % Phy DF OF
1 Aleksander Barkov Miro Heiskanen 50 0 1 4
2 Noah Hanifin Anton Lundell 50 0 1 4
Penalty Kill 4 Players Forward
Center Wing Time % Phy DF OF
1 Aleksander Barkov Brett Leason 50 1 2 2
2 Artturi Lehkonen Ty Dellandrea 50 1 2 2
Penalty Kill 4 Players Defense
Defense Defense Time % Phy DF OF
1 Ryan McDonagh Noah Hanifin 50 1 2 2
2 Jacob Bernard-Docker Chad Ruhwedel 50 1 2 2
Penalty Kill - 3 Players Forward
Forward Time % Phy DF OF
1 Brett Leason 50 1 2 2
2 Aleksander Barkov 50 1 2 2
Penalty Kill - 3 Players Defense
Defense Defense Time % Phy DF OF
1 Ryan McDonagh Noah Hanifin 50 1 2 2
2 Jacob Bernard-Docker Chad Ruhwedel 50 1 2 2
4 vs 4 Forward
Center Wing Time % Phy DF OF
1 Mikko Rantanen Clayton Keller 50 1 2 2
2 Casey Mittelstadt Matias Maccelli 50 1 2 2
4 vs 4 Defense
Defense Defense Time % Phy DF OF
1 Noah Hanifin Miro Heiskanen 50 1 2 2
2 Ryan McDonagh Adam Boqvist 50 1 2 2
Last Minutes Offensive
Center Left Wing Right Wing Defense Defense
Aleksander Barkov Clayton Keller Mikko Rantanen Noah Hanifin Miro Heiskanen
Last Minutes Defensive
Center Left Wing Right Wing Defense Defense
Aleksander Barkov Artturi Lehkonen Brett Leason Noah Hanifin Ryan McDonagh
Goaltenders
Starting : Joonas Korpisalo
Backup : Ville Husso
Extra Forwards
Normal : Brett Leason, Mikko Rantanen, Clayton Keller - PP : Clayton Keller, Mikko Rantanen - PK : Mikko Rantanen
Extra Defensemen
Normal : Noah Hanifin, Miro Heiskanen, Ryan McDonagh - PP : Noah Hanifin - PK : Noah Hanifin, Miro Heiskanen
Penalty Shots
Artturi Lehkonen, Mikko Rantanen, Clayton Keller, Brett Leason, Miro Heiskanen
Scratches
Jesperi Kotkaniemi (Healthy), Emil Martinsen Lilleberg (Healthy), Jacob Bryson (Healthy), Justus Annunen (Healthy)
% Time on Ice - San Jose Sharks
Lines # - Real PCT - Wanted PCT - Time Play
Normal Forward
1 - 29% - 30% - 14:52
2 - 29% - 30% - 14:57
3 - 24% - 25% - 12:15
4 - 19% - 15% - 9:37
Normal Defense
1 - 30% - 30% - 15:19
2 - 31% - 30% - 16:01
3 - 27% - 25% - 14:07
4 - 12% - 15% - 6:14
PP Forward
1 - 50% - 50% - 1:00
2 - 50% - 50% - 0:59
PP Defense
1 - 56% - 50% - 1:07
2 - 44% - 50% - 0:52
PK Forward
1 - 51% - 50% - 3:13
2 - 49% - 50% - 3:07
PK Defense
1 - 58% - 50% - 3:42
2 - 42% - 50% - 2:38
PK3 Forward
1 - 0% - 50%
2 - 0% - 50%
PK3 Defense
1 - 0% - 50%
2 - 0% - 50%
44 Forward
1 - 0% - 50%
2 - 0% - 50%
44 Defense
1 - 0% - 50%
2 - 0% - 50%
Last Minute Offensive - 0:00
Last Minute Defensive - 0:00
Total
Forward - 60:00
Defense - 60:00
|
% Time on Ice - Vancouver Canucks
Lines # - Real PCT - Wanted PCT - Time Play
Normal Forward
1 - 35% - 40% - 18:00
2 - 28% - 30% - 14:28
3 - 22% - 20% - 11:08
4 - 16% - 10% - 8:05
Normal Defense
1 - 31% - 30% - 16:07
2 - 31% - 30% - 15:56
3 - 25% - 25% - 12:44
4 - 13% - 15% - 6:54
PP Forward
1 - 51% - 50% - 3:13
2 - 49% - 50% - 3:07
PP Defense
1 - 51% - 50% - 3:13
2 - 49% - 50% - 3:07
PK Forward
1 - 52% - 50% - 1:02
2 - 48% - 50% - 0:57
PK Defense
1 - 39% - 50% - 0:47
2 - 61% - 50% - 1:12
PK3 Forward
1 - 0% - 50%
2 - 0% - 50%
PK3 Defense
1 - 0% - 50%
2 - 0% - 50%
44 Forward
1 - 0% - 50%
2 - 0% - 50%
44 Defense
1 - 0% - 50%
2 - 0% - 50%
Last Minute Offensive - 0:00
Last Minute Defensive - 0:00
Total
Forward - 60:00
Defense - 60:00
|
Play-by-Play
1st period
0:01 of 1st period - Adam Henrique wins face-off versus Casey Mittelstadt in neutral zone.
0:12 of 1st period - Snap shot by Kevin Fiala.
0:12 of 1st period - Deflect By Adam Henrique.
0:12 of 1st period - Stopped by Joonas Korpisalo with a rebound.
0:22 of 1st period - Casey Mittelstadt is hit by Adam Henrique and loses puck.
0:39 of 1st period - Yegor Sharangovich is hit by Casey Mittelstadt and loses puck.
2:17 of 1st period - Wrist shot by Clayton Keller.
2:17 of 1st period - Shot Misses the Net.
2:19 of 1st period - Slapshot by Clayton Keller.
2:19 of 1st period - Stopped by Stuart Skinner without a rebound.
2:20 of 1st period - Ryan Johansen wins face-off versus Aleksander Barkov in San Jose Sharks zone.
2:20 of 1st period - Ryan Johansen is hit by Adam Boqvist.
2:34 of 1st period - Snap shot by Matthew Knies.
2:34 of 1st period - Stopped by Joonas Korpisalo with a rebound.
2:46 of 1st period - Ryan McDonagh is hit by Brandon Tanev and loses puck.
3:23 of 1st period - Icing by Chad Ruhwedel.
3:24 of 1st period - Ryan Johansen wins face-off versus Brett Leason in Vancouver Canucks zone.
3:25 of 1st period - Snap shot by Jonathan Drouin.
3:25 of 1st period - Stopped by Joonas Korpisalo with a rebound.
3:27 of 1st period - Slapshot by Alec Martinez.
3:27 of 1st period - Deflect By Ryan Johansen.
3:27 of 1st period - Shot Misses the Net.
3:27 of 1st period - Puck is out of play.
3:28 of 1st period - Ryan Johansen wins face-off versus Aleksander Barkov in Vancouver Canucks zone.
3:29 of 1st period - Snap shot by Jonathan Drouin.
3:29 of 1st period - Stopped by Joonas Korpisalo with a rebound.
4:29 of 1st period - Wrist shot by Artturi Lehkonen.
4:29 of 1st period - Shot Misses the Net.
4:49 of 1st period - Slapshot by Artturi Lehkonen.
4:49 of 1st period - Shot Misses the Net.
4:51 of 1st period - Slapshot by Jacob Bernard-Docker.
4:51 of 1st period - Stopped by Stuart Skinner without a rebound.
4:52 of 1st period - Connor Zary wins face-off versus Max Domi in San Jose Sharks zone.
5:25 of 1st period - Robby Fabbri is hit by Eeli Tolvanen and loses puck.
5:54 of 1st period - Snap shot by Max Domi.
5:54 of 1st period - Shot Misses the Net.
6:06 of 1st period - Minor Penalty to Anton Lundell for Tripping.
6:07 of 1st period - Adam Henrique wins face-off versus Aleksander Barkov in Vancouver Canucks zone.
8:06 of 1st period - Penalty to Anton Lundell is over, Anton Lundell is back on ice.
8:09 of 1st period - Jacob Bernard-Docker is hit by Brandon Tanev and loses puck.
8:32 of 1st period - Snap shot by Anton Lundell.
8:32 of 1st period - Shot Misses the Net.
8:34 of 1st period - Wrist shot by Connor Zary.
8:34 of 1st period - Stopped by Stuart Skinner without a rebound.
8:35 of 1st period - Anton Lundell wins face-off versus Noel Acciari in San Jose Sharks zone.
8:42 of 1st period - Wrist shot by Anton Lundell.
8:42 of 1st period - Shot Blocked by Ilya Mikheyev.
8:44 of 1st period - Wrist shot by Anton Lundell.
8:44 of 1st period - Stopped by Stuart Skinner with a rebound.
8:46 of 1st period - Snap shot by Aku Raty.
8:46 of 1st period - Shot Misses the Net.
8:56 of 1st period - Ryan McDonagh is hit by T.J. Oshie and loses puck.
9:03 of 1st period - Wrist shot by Sean Durzi.
9:03 of 1st period - Stopped by Joonas Korpisalo with a rebound.
9:05 of 1st period - Wrist shot by Brandon Tanev.
9:05 of 1st period - Deflect By Casey Mittelstadt.
9:05 of 1st period - Stopped by Joonas Korpisalo without a rebound.
9:06 of 1st period - Ryan Johansen wins face-off versus Brett Leason in Vancouver Canucks zone.
9:52 of 1st period - Snap shot by Eeli Tolvanen.
9:52 of 1st period - Shot Misses the Net.
9:56 of 1st period - Wrist shot by Eeli Tolvanen.
9:56 of 1st period - Stopped by Joonas Korpisalo without a rebound.
9:57 of 1st period - Aleksander Barkov wins face-off versus Ilya Mikheyev in Vancouver Canucks zone.
10:40 of 1st period - Wrist shot by Artturi Lehkonen.
10:40 of 1st period - Deflect By Connor Murphy.
10:40 of 1st period - Stopped by Stuart Skinner with a rebound.
10:56 of 1st period - Eeli Tolvanen is hit by Ryan McDonagh and loses puck.
12:30 of 1st period - Snap shot by Ilya Mikheyev.
12:30 of 1st period - Shot Misses the Net.
12:59 of 1st period - Icing by Aleksander Barkov.
13:00 of 1st period - Matias Maccelli wins face-off versus Ryan Johansen in Vancouver Canucks zone.
13:13 of 1st period - Slapshot by Aleksander Barkov.
13:13 of 1st period - Stopped by Stuart Skinner with a rebound.
13:15 of 1st period - Slapshot by Ryan McDonagh.
13:15 of 1st period - Stopped by Stuart Skinner without a rebound.
13:16 of 1st period - Casey Mittelstadt wins face-off versus Max Domi in San Jose Sharks zone.
13:41 of 1st period - Noah Hanifin is hit by Kevin Fiala and loses puck.
14:30 of 1st period - Snap shot by Clayton Keller.
14:30 of 1st period - Stopped by Stuart Skinner with a rebound.
15:12 of 1st period - Chad Ruhwedel is hit by Alec Martinez and loses puck.
16:26 of 1st period - Dmitry Orlov is hit by Ty Dellandrea.
16:33 of 1st period - Icing by Max Domi.
16:34 of 1st period - Max Domi wins face-off versus Brett Leason in San Jose Sharks zone.
18:17 of 1st period - Off-side.
18:18 of 1st period - Casey Mittelstadt wins face-off versus Adam Henrique in neutral zone.
18:23 of 1st period - Snap shot by Kevin Fiala.
18:23 of 1st period - Stopped by Joonas Korpisalo with a rebound.
Goals for this period are 0 for San Jose Sharks vs 0 for Vancouver Canucks.
Shots for this period are 8 for San Jose Sharks vs 8 for Vancouver Canucks.
2nd period
0:01 of 2nd period - Ryan Johansen wins face-off versus Casey Mittelstadt in neutral zone.
0:34 of 2nd period - Snap shot by Kevin Fiala.
0:34 of 2nd period - Stopped by Joonas Korpisalo without a rebound.
0:35 of 2nd period - Anton Lundell wins face-off versus Max Domi in Vancouver Canucks zone.
0:44 of 2nd period - Max Domi is hit by Aku Raty and loses puck.
1:14 of 2nd period - Snap shot by Mikko Rantanen.
1:14 of 2nd period - Goal by Mikko Rantanen - San Jose Sharks : 0 - Vancouver Canucks : 1.
1:15 of 2nd period - Adam Henrique wins face-off versus Casey Mittelstadt in neutral zone.
1:49 of 2nd period - Snap shot by Artturi Lehkonen.
1:49 of 2nd period - Stopped by Stuart Skinner with a rebound.
1:51 of 2nd period - Slapshot by Chad Ruhwedel.
1:51 of 2nd period - Deflect By Artturi Lehkonen.
1:51 of 2nd period - Stopped by Stuart Skinner with a rebound.
2:28 of 2nd period - Wrist shot by Miro Heiskanen.
2:28 of 2nd period - Shot Blocked by Noel Acciari.
2:30 of 2nd period - Slapshot by Miro Heiskanen.
2:30 of 2nd period - Stopped by Stuart Skinner without a rebound.
2:31 of 2nd period - Adam Henrique wins face-off versus Casey Mittelstadt in San Jose Sharks zone.
2:58 of 2nd period - Miro Heiskanen is hit by Matthew Knies and loses puck.
3:23 of 2nd period - Slapshot by Max Domi.
3:23 of 2nd period - Shot Misses the Net.
3:25 of 2nd period - Wrist shot by Max Domi.
3:25 of 2nd period - Shot Misses the Net.
3:27 of 2nd period - Slapshot by Christopher Tanev.
3:27 of 2nd period - Stopped by Joonas Korpisalo without a rebound.
3:28 of 2nd period - Adam Henrique wins face-off versus Casey Mittelstadt in Vancouver Canucks zone.
3:55 of 2nd period - Ryan Johansen is hit by Miro Heiskanen and loses puck.
4:36 of 2nd period - Snap shot by Casey Mittelstadt.
4:36 of 2nd period - Stopped by Stuart Skinner without a rebound.
4:37 of 2nd period - Casey Mittelstadt wins face-off versus Ryan Johansen in San Jose Sharks zone.
5:29 of 2nd period - Christopher Tanev is hit by Chad Ruhwedel and loses puck.
5:48 of 2nd period - T.J. Oshie is hit by Robby Fabbri and loses puck.
6:26 of 2nd period - Matias Maccelli is hit by Connor Murphy and loses puck.
7:02 of 2nd period - Robby Fabbri is hit by Brandon Tanev.
8:27 of 2nd period - Wrist shot by Anton Lundell.
8:27 of 2nd period - Stopped by Stuart Skinner with a rebound.
8:29 of 2nd period - Snap shot by Connor Zary.
8:29 of 2nd period - Stopped by Stuart Skinner with a rebound.
8:31 of 2nd period - Snap shot by Anton Lundell.
8:31 of 2nd period - Stopped by Stuart Skinner without a rebound.
8:32 of 2nd period - Adam Henrique wins face-off versus Anton Lundell in San Jose Sharks zone.
8:57 of 2nd period - Matthew Knies is hit by Mikko Rantanen and loses puck.
9:23 of 2nd period - Max Domi is hit by Robby Fabbri and loses puck.
10:06 of 2nd period - Icing by Casey Mittelstadt.
10:07 of 2nd period - Casey Mittelstadt wins face-off versus Ryan Johansen in Vancouver Canucks zone.
10:16 of 2nd period - Wrist shot by Clayton Keller.
10:16 of 2nd period - Stopped by Stuart Skinner with a rebound.
11:36 of 2nd period - Miro Heiskanen is hit by Jonathan Drouin and loses puck.
12:41 of 2nd period - Ty Dellandrea is hit by Eeli Tolvanen and loses puck.
12:59 of 2nd period - Marcus Pettersson is hit by Aleksander Barkov.
13:09 of 2nd period - Wrist shot by Jonathan Drouin.
13:09 of 2nd period - Shot Misses the Net.
13:33 of 2nd period - Snap shot by T.J. Oshie.
13:33 of 2nd period - Stopped by Joonas Korpisalo without a rebound.
13:34 of 2nd period - Anton Lundell wins face-off versus Max Domi in Vancouver Canucks zone.
14:13 of 2nd period - Slapshot by Ryan Johansen.
14:13 of 2nd period - Shot Blocked by Jacob Bernard-Docker.
14:23 of 2nd period - Snap shot by Ty Dellandrea.
14:23 of 2nd period - Shot Misses the Net.
14:43 of 2nd period - Slapshot by Ilya Mikheyev.
14:43 of 2nd period - Stopped by Joonas Korpisalo with a rebound.
15:50 of 2nd period - Slapshot by Yegor Sharangovich.
15:50 of 2nd period - Stopped by Joonas Korpisalo with a rebound.
15:52 of 2nd period - Snap shot by Kevin Fiala.
15:52 of 2nd period - Shot Misses the Net.
16:27 of 2nd period - Slapshot by Connor Zary.
16:27 of 2nd period - Stopped by Stuart Skinner without a rebound.
16:28 of 2nd period - Ryan Johansen wins face-off versus Casey Mittelstadt in San Jose Sharks zone.
16:38 of 2nd period - Snap shot by Clayton Keller.
16:38 of 2nd period - Stopped by Stuart Skinner without a rebound.
16:39 of 2nd period - Ryan Johansen wins face-off versus Casey Mittelstadt in San Jose Sharks zone.
16:44 of 2nd period - Mikko Rantanen is hit by Jonathan Drouin and loses puck.
16:53 of 2nd period - Slapshot by Jonathan Drouin.
16:53 of 2nd period - Stopped by Joonas Korpisalo without a rebound.
16:54 of 2nd period - Adam Henrique wins face-off versus Casey Mittelstadt in Vancouver Canucks zone.
16:55 of 2nd period - Snap shot by Yegor Sharangovich.
16:55 of 2nd period - Stopped by Joonas Korpisalo with a rebound.
17:09 of 2nd period - Slapshot by Miro Heiskanen.
17:09 of 2nd period - Stopped by Stuart Skinner without a rebound.
17:10 of 2nd period - Aleksander Barkov wins face-off versus Ryan Johansen in San Jose Sharks zone.
17:14 of 2nd period - Minor Penalty to Marcus Pettersson for Goalie Interference.
17:15 of 2nd period - Mikko Rantanen wins face-off versus Adam Henrique in San Jose Sharks zone.
17:31 of 2nd period - Wrist shot by Mikko Rantanen.
17:31 of 2nd period - Shot Misses the Net.
17:41 of 2nd period - Miro Heiskanen is hit by Yegor Sharangovich.
17:49 of 2nd period - Snap shot by Robby Fabbri.
17:49 of 2nd period - Shot Misses the Net.
17:51 of 2nd period - Wrist shot by Robby Fabbri.
17:51 of 2nd period - Shot Misses the Net.
19:14 of 2nd period - Penalty to Marcus Pettersson is over, Marcus Pettersson is back on ice.
19:14 of 2nd period - Snap shot by Brandon Tanev.
19:14 of 2nd period - Stopped by Joonas Korpisalo with a rebound.
19:16 of 2nd period - Slapshot by Sean Durzi.
19:16 of 2nd period - Deflect By Matthew Knies.
19:16 of 2nd period - Shot Misses the Net.
19:16 of 2nd period - Puck is out of play.
19:17 of 2nd period - Aleksander Barkov wins face-off versus Noel Acciari in Vancouver Canucks zone.
19:53 of 2nd period - Chad Ruhwedel is hit by Ryan Johansen and loses puck.
19:57 of 2nd period - Icing by Chad Ruhwedel.
19:58 of 2nd period - Casey Mittelstadt wins face-off versus Ryan Johansen in Vancouver Canucks zone.
19:58 of 2nd period - Casey Mittelstadt is hit by Connor Murphy.
Goals for this period are 0 for San Jose Sharks vs 1 for Vancouver Canucks.
Shots for this period are 8 for San Jose Sharks vs 12 for Vancouver Canucks.
3rd period
0:01 of 3rd period - Casey Mittelstadt wins face-off versus Ryan Johansen in neutral zone.
0:14 of 3rd period - Snap shot by Clayton Keller.
0:14 of 3rd period - Goal by Clayton Keller - San Jose Sharks : 0 - Vancouver Canucks : 2.
0:15 of 3rd period - Casey Mittelstadt wins face-off versus Adam Henrique in neutral zone.
0:42 of 3rd period - Aleksander Barkov is hit by Marcus Pettersson and loses puck.
1:11 of 3rd period - Slapshot by Max Domi.
1:11 of 3rd period - Shot Misses the Net.
1:13 of 3rd period - Wrist shot by T.J. Oshie.
1:13 of 3rd period - Shot Blocked by Noah Hanifin.
1:55 of 3rd period - Slapshot by Kevin Fiala.
1:55 of 3rd period - Shot Misses the Net.
2:04 of 3rd period - Icing by Casey Mittelstadt.
2:05 of 3rd period - Aleksander Barkov wins face-off versus Ryan Johansen in Vancouver Canucks zone.
2:12 of 3rd period - Icing by Sean Durzi.
2:13 of 3rd period - Ryan Johansen wins face-off versus Casey Mittelstadt in San Jose Sharks zone.
2:18 of 3rd period - Chad Ruhwedel is hit by Ryan Johansen and loses puck.
2:32 of 3rd period - Off-side.
2:33 of 3rd period - Aleksander Barkov wins face-off versus Adam Henrique in neutral zone.
2:33 of 3rd period - Aleksander Barkov is hit by Connor Murphy.
2:45 of 3rd period - Snap shot by Artturi Lehkonen.
2:45 of 3rd period - Stopped by Stuart Skinner with a rebound.
2:47 of 3rd period - Wrist shot by Artturi Lehkonen.
2:47 of 3rd period - Stopped by Stuart Skinner with a rebound.
2:49 of 3rd period - Snap shot by Aleksander Barkov.
2:49 of 3rd period - Shot Hit the Post.
2:59 of 3rd period - Mikko Rantanen is hit by T.J. Oshie and loses puck.
3:06 of 3rd period - Snap shot by Casey Mittelstadt.
3:06 of 3rd period - Stopped by Stuart Skinner without a rebound.
3:07 of 3rd period - Casey Mittelstadt wins face-off versus Ryan Johansen in San Jose Sharks zone.
3:24 of 3rd period - Mikko Rantanen is hit by Ryan Johansen and loses puck.
3:52 of 3rd period - Double Minor Penalty to Brandon Tanev for High sticking.
3:53 of 3rd period - Adam Henrique wins face-off versus Mikko Rantanen in San Jose Sharks zone.
7:04 of 3rd period - Max Domi is hit by Clayton Keller and loses puck.
7:52 of 3rd period - Penalty to Brandon Tanev is over, Brandon Tanev is back on ice.
8:18 of 3rd period - Icing by Alec Martinez.
8:19 of 3rd period - Noel Acciari wins face-off versus Mikko Rantanen in San Jose Sharks zone.
8:34 of 3rd period - Snap shot by Marcus Pettersson.
8:34 of 3rd period - Shot Misses the Net.
8:59 of 3rd period - Icing by Christopher Tanev.
9:00 of 3rd period - Ryan Johansen wins face-off versus Brett Leason in San Jose Sharks zone.
9:15 of 3rd period - Miro Heiskanen is hit by Jonathan Drouin.
9:25 of 3rd period - Slapshot by Sean Durzi.
9:25 of 3rd period - Shot Blocked by Anton Lundell.
9:33 of 3rd period - Wrist shot by Connor Zary.
9:33 of 3rd period - Stopped by Stuart Skinner without a rebound.
9:34 of 3rd period - Yegor Sharangovich wins face-off versus Casey Mittelstadt in San Jose Sharks zone.
9:34 of 3rd period - Yegor Sharangovich is hit by Clayton Keller.
10:04 of 3rd period - Wrist shot by Max Domi.
10:04 of 3rd period - Shot Misses the Net.
10:22 of 3rd period - Snap shot by Jonathan Drouin.
10:22 of 3rd period - Shot Misses the Net.
11:22 of 3rd period - Slapshot by Aleksander Barkov.
11:22 of 3rd period - Stopped by Stuart Skinner without a rebound.
11:23 of 3rd period - Max Domi wins face-off versus Matias Maccelli in San Jose Sharks zone.
11:29 of 3rd period - Slapshot by Dmitry Orlov.
11:29 of 3rd period - Shot Misses the Net.
11:39 of 3rd period - Snap shot by Max Domi.
11:39 of 3rd period - Stopped by Joonas Korpisalo without a rebound.
11:40 of 3rd period - Yegor Sharangovich wins face-off versus Casey Mittelstadt in Vancouver Canucks zone.
11:45 of 3rd period - Wrist shot by Yegor Sharangovich.
11:45 of 3rd period - Stopped by Joonas Korpisalo with a rebound.
11:51 of 3rd period - Wrist shot by Kevin Fiala.
11:51 of 3rd period - Shot Blocked by Chad Ruhwedel.
12:23 of 3rd period - Aku Raty is hit by Max Domi and loses puck.
12:34 of 3rd period - Alec Martinez is hit by Miro Heiskanen and loses puck.
13:09 of 3rd period - Snap shot by Ilya Mikheyev.
13:09 of 3rd period - Shot Blocked by Miro Heiskanen.
13:11 of 3rd period - Wrist shot by Noel Acciari.
13:11 of 3rd period - Shot Blocked by Noah Hanifin.
13:13 of 3rd period - Snap shot by Sean Durzi.
13:13 of 3rd period - Shot Blocked by Noah Hanifin.
13:15 of 3rd period - Snap shot by Ilya Mikheyev.
13:15 of 3rd period - Stopped by Joonas Korpisalo with a rebound.
13:55 of 3rd period - Snap shot by Robby Fabbri.
13:55 of 3rd period - Stopped by Stuart Skinner without a rebound.
13:56 of 3rd period - Adam Henrique wins face-off versus Mikko Rantanen in San Jose Sharks zone.
14:44 of 3rd period - Alec Martinez is hit by Jacob Bernard-Docker and loses puck.
14:51 of 3rd period - Artturi Lehkonen is hit by T.J. Oshie and loses puck.
15:36 of 3rd period - Wrist shot by Clayton Keller.
15:36 of 3rd period - Shot Blocked by Christopher Tanev.
15:42 of 3rd period - Minor Penalty to Sean Durzi for Tripping.
15:43 of 3rd period - Casey Mittelstadt wins face-off versus Ryan Johansen in San Jose Sharks zone.
15:48 of 3rd period - Slapshot by Casey Mittelstadt.
15:48 of 3rd period - Stopped by Stuart Skinner with a rebound.
15:50 of 3rd period - Slapshot by Aleksander Barkov.
15:50 of 3rd period - Shot Blocked by Yegor Sharangovich.
15:52 of 3rd period - Snap shot by Aleksander Barkov.
15:52 of 3rd period - Shot Blocked by Ryan Johansen.
15:54 of 3rd period - Slapshot by Casey Mittelstadt.
15:54 of 3rd period - Stopped by Stuart Skinner without a rebound.
15:55 of 3rd period - Casey Mittelstadt wins face-off versus Ryan Johansen in San Jose Sharks zone.
16:02 of 3rd period - Snap shot by Casey Mittelstadt.
16:02 of 3rd period - Stopped by Stuart Skinner without a rebound.
16:03 of 3rd period - Casey Mittelstadt wins face-off versus Ryan Johansen in San Jose Sharks zone.
16:04 of 3rd period - Snap shot by Robby Fabbri.
16:04 of 3rd period - Goal by Robby Fabbri - San Jose Sharks : 0 - Vancouver Canucks : 3.
16:05 of 3rd period - Adam Henrique wins face-off versus Casey Mittelstadt in neutral zone.
16:16 of 3rd period - Slapshot by Noah Hanifin.
16:16 of 3rd period - Stopped by Stuart Skinner without a rebound.
16:17 of 3rd period - Casey Mittelstadt wins face-off versus Ryan Johansen in San Jose Sharks zone.
16:24 of 3rd period - Wrist shot by Clayton Keller.
16:24 of 3rd period - Stopped by Stuart Skinner with a rebound.
17:16 of 3rd period - Snap shot by Anton Lundell.
17:16 of 3rd period - Deflect By Connor Zary.
17:16 of 3rd period - Stopped by Stuart Skinner with a rebound.
17:18 of 3rd period - Wrist shot by Connor Zary.
17:18 of 3rd period - Stopped by Stuart Skinner without a rebound.
17:19 of 3rd period - Adam Henrique wins face-off versus Mikko Rantanen in San Jose Sharks zone.
17:37 of 3rd period - Icing by Ryan McDonagh.
17:38 of 3rd period - Ryan Johansen wins face-off versus Casey Mittelstadt in Vancouver Canucks zone.
17:41 of 3rd period - Slapshot by Matthew Knies.
17:41 of 3rd period - Shot Misses the Net.
17:57 of 3rd period - Snap shot by Mikko Rantanen.
17:57 of 3rd period - Shot Misses the Net.
17:59 of 3rd period - Snap shot by Casey Mittelstadt.
17:59 of 3rd period - Deflect By Mikko Rantanen.
17:59 of 3rd period - Stopped by Stuart Skinner without a rebound.
18:00 of 3rd period - Aleksander Barkov wins face-off versus Adam Henrique in San Jose Sharks zone.
18:09 of 3rd period - Wrist shot by Aleksander Barkov.
18:09 of 3rd period - Shot Misses the Net.
18:11 of 3rd period - Slapshot by Noah Hanifin.
18:11 of 3rd period - Stopped by Stuart Skinner without a rebound.
18:12 of 3rd period - Casey Mittelstadt wins face-off versus Ryan Johansen in San Jose Sharks zone.
18:39 of 3rd period - Connor Murphy is hit by Artturi Lehkonen and loses puck.
18:46 of 3rd period - Wrist shot by Adam Henrique.
18:46 of 3rd period - Stopped by Joonas Korpisalo with a rebound.
19:58 of 3rd period - Snap shot by Kevin Fiala.
19:58 of 3rd period - Goal by Kevin Fiala - San Jose Sharks : 1 - Vancouver Canucks : 3.
19:59 of 3rd period - Max Domi wins face-off versus Anton Lundell in neutral zone.
Goals for this period are 1 for San Jose Sharks vs 2 for Vancouver Canucks.
Shots for this period are 5 for San Jose Sharks vs 17 for Vancouver Canucks.
Back to the Top